 Dungeon Sprint DCSS version 0.18.1-48-g4cf74bf (webtiles) character file.

7 Joat the Conjurer (level 2, 0/17 HPs)
             Began as an Octopode Conjurer on Aug 26, 2016.
             Was an Initiate of Vehumet.
             Slain by a red ugly thing (14 damage)
             ... in the Dungeon (Sprint V: "Ziggurat Sprint").
             The game lasted 00:03:05 (146 turns).

Joat the Conjurer (Octopode Conjurer)                Turns: 146, Time: 00:03:06

Health: 0/17       AC:  1    Str: 19    XL:     2   Next: 0%
Magic:  9/14       EV: 13    Int: 35    God:    Vehumet [......]
Gold:   0          SH:  0    Dex: 24    Spells: 2 memorised, 8 levels left

rFire  . . .     SeeInvis .     H - +6 Majin-Bo {vamp, Archmagi MP+6 Int+6}
rCold  . . .     Gourm    .     (shield currently unavailable)
rNeg   . . .     Faith    .     (helmet restricted)
rPois  .         Spirit   .     (no amulet)
rElec  .         Dismiss  .     x - +6 ring of dexterity
rCorr  .         Reflect  .     y - +6 ring of dexterity
SustAt .         Harm     .     z - +6 ring of intelligence
MR     .....     NoTele   +     A - +6 ring of intelligence
Stlth  ++++......               B - +6 ring of strength
                                C - +6 ring of strength
                                l - ring of flight
                                (no ring)

@: not resistant to hostile enchantments, stealthy
A: almost no armour, amphibious, 8 rings, constrict 8, camouflage 1, gelatinous
body 1
a: Renounce Religion, Evoke Flight


You were in the Dungeon.
You worshipped Vehumet.
Vehumet was noncommittal.
You were not hungry.

You visited 1 branch

Inventory:

Hand Weapons
 H - the +6 Majin-Bo (weapon) {vamp, Archmagi MP+6 Int+6}
   (You found it in the Dungeon)

   It inflicts no extra harm, but heals its wielder somewhat when it strikes a
   living foe.
   It affects your intelligence (+6).
   It affects your magic capacity (+6).
Armour
 L - a +3 buckler
 M - a +3 large shield
 N - a +3 shield
 O - the +18 shield of the gong {rElec rN+ MR+ EV-5}
   (You found it in the Dungeon)

   It affects your evasion (-5).
   It insulates you from electricity.
   It protects you from negative energy.
   It affects your resistance to hostile enchantments.
Magical Staves
 I - an uncursed staff of energy
Jewellery
 l - a ring of flight (on tentacle)
 x - a +6 ring of dexterity (left tentacle)
 y - a +6 ring of dexterity (right tentacle)
 z - a +6 ring of intelligence (on tentacle)
 A - a +6 ring of intelligence (on tentacle)
 B - a +6 ring of strength (on tentacle)
 C - a +6 ring of strength (on tentacle)
Wands
 D - a wand of disintegration (7/24)
 E - a wand of iceblast (5/15)
 F - a wand of lightning (5/15)
 G - a wand of acid (5/15)
Scrolls
 h - 4 scrolls of blinking
 o - 4 scrolls of amnesia
 p - 3 scrolls of recharging
 q - 7 scrolls of fog
 r - a scroll of holy word
 s - 5 scrolls of identify
 t - 5 scrolls of remove curse
 u - 2 scrolls of fear
Potions
 c - 10 potions of curing
 d - 10 potions of heal wounds
 e - 6 potions of haste
 f - 7 potions of magic
 g - 3 potions of berserk rage
 i - 2 potions of brilliance
 j - 2 potions of invisibility
 k - 4 potions of resistance
 m - 5 potions of agility
 n - 5 potions of might
Books
 a - a book of Conjurations

   Spells                             Type                      Level
   a - Magic Dart                     Conjuration                  1
   b - Searing Ray                    Conjuration                  2
   c - Dazzling Spray                 Conjuration/Hexes            3
   d - Fulminant Prism                Conjuration/Hexes            4
   e - Iskenderun's Mystic Blast      Conjuration                  4
   f - Iskenderun's Battlesphere      Conjuration/Charms           5
Miscellaneous
 J - a crystal ball of energy
 K - a disc of storms
Comestibles
 b - 5 bread rations
 v - 42 fruits
 w - 3 meat rations


   Skills:
 + Level 2.0 Dodging
 + Level 2.6 Stealth
 + Level 5.1 Spellcasting
 + Level 6.6 Conjurations


You had 8 spell levels left.
You knew the following spells:

 Your Spells              Type           Power        Failure   Level  Hunger
a - Magic Dart            Conj           ####         1%          1    None
b - Searing Ray           Conj           ######       1%          2    None


Dungeon Overview and Level Annotations

Branches:
Dungeon (1/1)

Altars:
Ashenzari
Cheibriados
Dithmenos
Elyvilon
Fedhas
Gozag
Kikubaaqudgha
Makhleb
Nemelex Xobeh
Okawaru
Pakellas
Qazlal
Ru
Sif Muna
Trog
Vehumet
Xom
Yredelemnul
Zin
The Shining One
Beogh
Jiyva
Lugonu


Innate Abilities, Weirdness & Mutations

You cannot wear most types of armour.
You are amphibious.
You can wear up to eight rings at the same time.
You can use your tentacles to constrict eight enemies at once.
Your skin changes colour to match your surroundings (Stealth).
Your rubbery body absorbs attacks (AC +1).


Message History

Your surroundings seem different!
Welcome to arena 1. 2 ugly things come into view.
Found an uncursed staff of earth and a scroll of brand weapon.
Cast which spell? (? or * to list)
Aiming: Searing Ray
Press: ? - help, Shift-Dir - straight line, f - red ugly thing
Aim: a red ugly thing (resting)
You feel a surge of power!
The searing ray hits the red ugly thing.
The red ugly thing is lightly wounded.
The red ugly thing gurgles horribly!
The purple ugly thing gurgles horribly!
The searing ray hits the red ugly thing.
The red ugly thing is moderately wounded.
The purple ugly thing basks in the mutagenic energy from its kin and changes!
The red ugly thing barely misses you.
The searing ray hits the red ugly thing.
The red ugly thing is moderately wounded.
The red ugly thing gores you.
You are engulfed in flames!
Ouch! That really hurt!
You die...

▓▓▓▓▓▓▓
▓.8©8.▓
▓.....▓
▓.?.|.▓
▓.....▓
▓..uu.▓
▓..@..▓
▓▓▓▓▓▓▓


You could see 2 ugly things.

Vanquished Creatures (others)
  A spatial maelstrom (D)
1 creature vanquished.

Notes
Turn   | Place    | Note
--------------------------------------------------------------
     0 | D        | Joat the Octopode Conjurer began the quest for the Orb.
     0 | D        | Reached XP level 1. HP: 11/11 MP: 3/3
     0 | D        | Found an iron altar of Okawaru.
     0 | D        | Found a burning altar of Makhleb.
     0 | D        | Found a radiant altar of Vehumet.
     0 | D        | Found a deep blue altar of Sif Muna.
     0 | D        | Found a shimmering altar of Xom.
     0 | D        | Found a bloodstained altar of Trog.
     1 | D        | Found a roughly hewn altar of Beogh.
     1 | D        | Found a viscous altar of Jiyva.
     1 | D        | Found a corrupted altar of Lugonu.
     1 | D        | Found a white marble altar of Elyvilon.
     1 | D        | Found a sparkling altar of Nemelex Xobeh.
    19 | D        | Banished a spatial maelstrom
    30 | D        | Became a worshipper of Vehumet
    69 | D        | Reached skill level 5 in Spellcasting
    69 | D        | Reached skill level 6 in Conjurations
    69 | D        | Reached XP level 2. HP: 17/17 MP: 3/8
   122 | D        | Learned a level 2 spell: Searing Ray
   142 | D        | Entered arena 1.
   142 | D        | Noticed a red ugly thing
   142 | D        | Noticed a purple ugly thing
   146 | D        | Slain by a red ugly thing

Skill      XL: |  1 |
---------------+----+-----
Spellcasting   | 5 |  5.1
Conjurations   | 6 |  6.6
Dodging        | |  2.0
Stealth        | |  2.6

Action                   || total
-------------------------++-------
 Cast: Searing Ray       ||     1
  Use: Potion            ||     1
  Eat: Meat ration       ||     1
Dodge: Dodged            ||     1
